 Dungeon Crawl Stone Soup version 0.21-a0-538-gd16b88a (webtiles) character file.

9 theanonym the Skirmisher (level 2, 24/24 HPs)
             Began as a Demonspawn Monk on Dec 16, 2017.
             Quit the game on level 1 of the Dungeon.
             The game lasted 00:00:41 (450 turns).

theanonym the Skirmisher (Demonspawn Monk)           Turns: 450, Time: 00:00:42

Health: 24/24      AC:  2    Str: 11    XL:     2   Next: 3%
Magic:  2/2        EV: 13    Int: 11    God:
Gold:   10         SH:  0    Dex: 15    Spells: 1/1 levels left

rFire    . . .     SeeInvis .     - Unarmed
rCold    . . .     Gourm    .   (no shield)
rNeg     . . .     Faith    .   a - +0 robe {0}
rPois    .         Spirit   .   (helmet restricted)
rElec    .         Reflect  .   (no cloak)
rCorr    .         Harm     .   (no gloves)
MR       .....                  (no boots)
Stlth    ++........             (no amulet)
HPRegen  0.08/turn              (no ring)
MPRegen  0.08/turn              (no ring)

@: no status effects
A: horns 1
a: no special abilities


Innate Abilities, Weirdness & Mutations

You have a pair of small horns on your head.


   Skills:
 + Level 3.2 Fighting
 - Level 2.6 Dodging
 - Level 1.7 Stealth
 * Level 3.1 Unarmed Combat


You had one spell level left.
You didn't know any spells.

Skill      XL: |  1 |
---------------+----+-----
Unarmed Combat | 3 |  3.1
Fighting       | |  3.2
Dodging        | |  2.6
Stealth        | |  1.7

Action                   || total
-------------------------++-------
Melee: Unarmed           ||    30
       Punch             ||     1
 Stab: Sleeping          ||     1
Armor: Robe              ||     7
Dodge: Dodged            ||    12

Inventory:

Armour
 a - a +0 robe (worn) {0}
Scrolls
 c - a scroll of teleportation {unknown}
Comestibles
 b - a chunk of flesh
 e - a bread ration


You were on level 1 of the Dungeon.
You were not hungry.

You visited 1 branch of the dungeon, and saw 1 of its levels.

You collected 10 gold pieces.

Dungeon Overview and Level Annotations

Branches:
Dungeon (1/15)

Altars:


Message History

You start resting.
A bat comes into view.
A bat is nearby!
No target in view!
No target in view!
No target in view!
No target in view!
You start resting.
A bat is nearby!
A bat is nearby!
The bat hits you but does no damage.
Found a scroll labeled XIAGAT PAZOPS.
You hit the bat but do no damage. The bat hits you but does no damage.
No target in view!
No target in view!
No target in view!
You start resting.
The bat closely misses you. The bat hits you.
You take 1 damage, and have 13/18 hp.
You hit the bat.
You kill the bat!
No target in view!
No target in view!
You see here a short sword.
You start resting.
Health restored: 18 You butcher the bat corpse.
b - a chunk of flesh
c - a scroll labeled XIAGAT PAZOPS Key pressed, stopping explore.
You now have 10 gold pieces.
Found a stone staircase leading down.
There is a stone staircase leading down here.
A goblin comes into view. It is wielding a club.
The helpless goblin fails to defend itself.
You hit the goblin. The goblin hits you but does no damage.
You hit the goblin but do no damage. The goblin hits you with a club.
You take 1 damage, and have 17/18 hp.
You miss the goblin. The goblin hits you with a club.
You take 1 damage, and have 16/18 hp.
You closely miss the goblin. The goblin misses you.
You closely miss the goblin. You barely miss the goblin. You punch the goblin.
You kill the goblin!
No target in view!
No target in view!
No target in view!
You start resting.
Health restored: 18
Things that are here:
a club; a goblin corpse You butcher the goblin corpse.
b - 2 chunks of flesh (gained 1)
Things that are here:
a club; a goblin skeleton
Things that are here:
a club; a goblin skeleton An ooze comes into view.
An ooze is nearby!
An ooze is nearby!
An ooze is nearby!
The ooze quivers.
You hit the ooze but do no damage. The ooze closely misses you.
You barely miss the ooze. The ooze hits you.
You take 5 damage, and have 13/18 hp.
MASSIVE DAMAGE!!
You hit the ooze. The ooze closely misses you.
You hit the ooze but do no damage. The ooze hits you but does no damage.
You barely miss the ooze. The ooze hits you.
* * * LOW HITPOINT WARNING * * *
You take 4 damage, and have 9/18 hp.
MASSIVE DAMAGE!!
You are too injured to fight recklessly!
You are too injured to fight recklessly!
You are too injured to fight recklessly!
You are too injured to fight recklessly!
You hit the ooze. You hit the ooze. The ooze hits you but does no damage.
You hit the ooze but do no damage. The ooze hits you.
* * * LOW HITPOINT WARNING * * *
You hit the ooze.
You kill the ooze!
Your Unarmed Combat skill increases to level 3!
You start resting.
Some of the chunks of flesh in your inventory have rotted away.
You open the door.
There is an open door here.
A bat and a kobold come into view.
Health restored: 18
There are monsters nearby!
The kobold shouts!
The bat closely misses you. The bat hits you but does no damage.
You hit the kobold. The bat closely misses you. The kobold misses you.
You hit the kobold.
You kill the kobold!
You have reached level 2!
Your demonic ancestry asserts itself...
A pair of horns grows on your head! The bat closely misses you.
Health restored: 24; MP restored: 2 You hit the bat but do no damage.
Your headbutt misses the bat. The bat closely misses you.
The bat hits you but does no damage.

#############
#............
###########............
#........##............
#.....b...'............
#.....@..##............
#........##............
#........##............
########.##............
#.##............
#.##............
#.############## #.# #
.######


You could see a bat.

Notes
Turn   | Place    | Note
-------+----------+-------------------------------------------
     0 | D:1      | theanonym the Demonspawn Monk began the quest for the Orb.
     0 | D:1      | Reached XP level 1. HP: 18/18 MP: 1/1
   281 | D:1      | HP: 9/18 [ooze (4)]
   285 | D:1      | Reached skill level 3 in Unarmed Combat
   448 | D:1      | Gained mutation: You have a pair of small horns on your head. [demonic ancestry]
   448 | D:1      | Reached XP level 2. HP: 24/24 MP: 2/2
   450 | D:1      | Quit the game

Vanquished Creatures
  An ooze (D:1)
  A bat (D:1)
  A frilled lizard (D:1)
  A goblin (D:1)
  2 kobolds (D:1)
6 creatures vanquished.

Table legend:
 A = Turns spent in this place as a percentage of turns spent in the entire game.
 B = Non-inter-level travel turns spent in this place as a percentage of non-inter-level travel turns spent in the entire game.
 C = Inter-level travel turns spent in this place as a percentage of turns spent in this place.
 D = Turns resting spent in this place as a percentage of non-inter-level travel turns spent in this place.
 E = Turns spent auto-exploring this place as a percentage of non-inter-level travel turns spent in this place.
 F = Non-inter-level travel turns spent in this place divided by the number of levels of this place that you've seen.
                   A       B       C       D       E      F
               +-------+-------+-------+-------+-------+----------------------
         Total | 100.0 | 100.0 |   0.0 |  62.7 |  25.1 | 450.0
       Dungeon | 100.0 | 100.0 |   0.0 |  62.7 |  25.1 | 450.0
               +-------+-------+-------+-------+-------+----------------------
